 Dungeon Crawl Stone Soup version 0.24.1-14-gf8d2b509d9 (webtiles) character file.

Game seed: 414353013916419753, levelgen mode: deterministic

844 MajorAdolf the Skirmisher (level 8, -7/78 HPs)
             Began as a Naga Wanderer on May 18, 2020.
             Killed by divine providence
             ... invoked by an orc priest
              (13 damage)
             ... on level 4 of the Dungeon.
             The game lasted 00:10:27 (4889 turns).

MajorAdolf the Skirmisher (Naga Wanderer)           Turns: 4889, Time: 00:10:28

Health: -7/78      AC:  5    Str: 16    XL:     8   Next: 0%
Magic:  21/21      EV: 10    Int: 12    God:
Gold:   241        SH:  0    Dex: 12    Spells: 13/13 levels left

rFire    . . .     SeeInvis +   b - +1 whip (elec)
rCold    . . .     Gourm    .   (no shield)
rNeg     . . .     Faith    .   d - +0 robe
rPois    +         Spirit   .   n - +1 helmet
rElec    .         Reflect  .   j - scarf {repulsion}
rCorr    .         Harm     .   (no gloves)
MR       +....                  (no barding)
Stlth    +.........             (no amulet)
HPRegen  0.23/turn              o - ring of magical power
MPRegen  0.17/turn              t - +1 ring of evasion

@: repel missiles, very slow
A: large, see invisible, deformed body, poison resistance, slowness 2, slow
metabolism 1, spit poison 1, AC +2
a: Spit Poison


You were on level 4 of the Dungeon.
You were hungry.

You visited 1 branch of the dungeon, and saw 4 of its levels.

You collected 241 gold pieces.

Inventory:

Hand Weapons
 a - a +0 mace
 b - a +1 whip of electrocution (weapon)
 s - a cursed -2 war axe
 u - a +0 hand axe
Armour
 d - a +0 robe (worn)
 j - a scarf of repulsion (worn)
 n - a +1 helmet (worn)
Jewellery
 o - a ring of magical power (left hand)
 t - a +1 ring of evasion (right hand)
Scrolls
 c - a scroll of immolation
 g - 2 scrolls of remove curse
 l - 2 scrolls of enchant weapon
 v - a scroll of amnesia
Potions
 e - 3 potions of heal wounds {unknown}
 h - 2 potions of curing
 i - a potion of berserk rage {unknown}
 k - a potion of invisibility
 m - a potion of magic {unknown}
 p - a potion of mutation {unknown}
 q - 2 potions of degeneration {unknown}
 r - a potion of flight {unknown}
Comestibles
 f - 5 rations


   Skills:
 - Level 6.9 Fighting
 + Level 5.0(5.1) Axes
 - Level 1.0(3.3) Maces & Flails
 - Level 1.0 Throwing
 - Level 1.0 Armour
   Level 1.0 Shields
 - Level 3.0 Spellcasting
   Level 2.6 Poison Magic


You had 13 spell levels left.
You didn't know any spells.
Your spell library contained the following spells:

 Spells                   Type           Power        Failure   Level  Hunger
 Sting                    Conj/Pois      #...         14%         1    #......
 Magic Dart               Conj           #...         24%         1    #......
 Blink                    Tloc           N/A          36%         2    ###....
 Call Imp                 Summ           #.......     36%         2    ###....
 Slow                     Hex            #.......     36%         2    ###....
 Mephitic Cloud           Conj/Pois/Air  #.......     45%         3    ###....
 Conjure Flame            Conj/Fire      #.......     58%         3    ###....


Dungeon Overview and Level Annotations

Branches:
Dungeon (4/15)
 Temple: D:4-7

Altars:
Cheibriados
Gozag
Vehumet


Innate Abilities, Weirdness & Mutations

You cannot wear boots.
Your serpentine skin is tough. (AC +2)
You have supernaturally acute eyesight. (SInv)
Armour fits poorly on your strangely shaped body.
Your system is resistant to poisons. (rPois)
You cover ground very slowly.
You have a slow metabolism.
You can spit poison.


Message History

The orc priest begins to cast a cantrip, but forgets the words! x2
The orc priest invokes the aid of Beogh against you.
Beogh smites you!
You hit the orc. Lightning courses through the orc!
You kill the orc!
The orc priest invokes the aid of Beogh against you.
Beogh smites you!
The orc priest calls down the wrath of Beogh upon you.
Beogh smites you!
* * * LOW HITPOINT WARNING * * *
The orc priest calls down the wrath of Beogh upon you.
Beogh smites you!
* * * LOW HITPOINT WARNING * * *
Unknown command.
You hit the orc.
The orc is severely wounded.
The orc misses you.
The orc priest mumbles some strange prayers to Beogh against you.
Beogh smites you!
You die...

########
#########......#########
#.........(............
#>.....†.......#####.#
#.#######............#
#)# ###.###......# #.#
##.###......# #.#
#.....o@).?.# #.#
#.....o.....# ..#
#...........# ..#
#..o........# ..#
............# #### ..#
.......####.# #... ..#
.....%. .# #... <.#
....... .# #... ###
######...


You could see 2 orc priests and an orc.

Vanquished Creatures
  Grinder (D:4)
  Sigmund (D:3)
  An ogre (D:4)
  A hound (D:4)
  An orc wizard (D:4)
  A bullfrog skeleton (D:4)
  Jessica (D:1)
  Terence (D:3)
  A worker ant (D:4)
  Natasha (twice) (D:2)
  3 gnolls (D:3)
  7 adders
  3 adder skeletons (D:4)
  7 worms
  2 leopard geckos (D:3)
  13 orcs
  5 giant cockroaches
  6 goblins
  6 hobgoblins
  4 jackals (D:4)
  9 kobolds
  A quokka (D:3)
  2 ball pythons
  4 bats
  5 frilled lizards
  5 rats
93 creatures vanquished.

Notes
Turn   | Place    | Note
-------+----------+-------------------------------------------
     0 | D:1      | MajorAdolf the Naga Wanderer began the quest for the Orb.
     0 | D:1      | MajorAdolf set off with the following items: a +0 mace, a
                  | +0 robe, a ration; and the following spells available to
                  | memorise: Sting, Magic Dart, Blink, Call Imp, Slow,
                  | Mephitic Cloud, Conjure Flame
     0 | D:1      | Reached XP level 1. HP: 18/18 MP: 4/4
   533 | D:1      | Reached skill level 2 in Fighting
   533 | D:1      | Reached XP level 2. HP: 26/26 MP: 6/6
  1093 | D:2      | Noticed Jessica
  1117 | D:1      | Killed Jessica
  1117 | D:1      | Reached skill level 3 in Fighting
  1117 | D:1      | Reached XP level 3. HP: 27/34 MP: 7/7
  1191 | D:2      | Noticed Natasha
  1462 | D:2      | Found a radiant altar of Vehumet.
  1466 | D:2      | Found a snail-covered altar of Cheibriados.
  1568 | D:2      | Killed Natasha
  1568 | D:2      | Reached XP level 4. HP: 44/44 MP: 8/8
  1633 | D:2      | Reached skill level 4 in Fighting
  1922 | D:2      | Noticed Natasha
  1931 | D:2      | Killed Natasha
  1931 | D:2      | Reached XP level 5. HP: 41/51 MP: 9/9
  2337 | D:3      | Reached skill level 5 in Fighting
  2371 | D:3      | Found an opulent altar of Gozag.
  2400 | D:3      | Noticed Sigmund
  2426 | D:3      | Killed Sigmund
  2426 | D:3      | Reached skill level 6 in Fighting
  2426 | D:3      | Reached XP level 6. HP: 7/62 MP: 10/10
  4127 | D:3      | Noticed Terence
  4131 | D:3      | Killed Terence
  4483 | D:4      | Reached XP level 7. HP: 70/70 MP: 11/11
  4486 | D:4      | Reached skill level 1 in Axes
  4534 | D:4      | HP: 3/70 [adder skeleton (2)]
  4550 | D:4      | Noticed Grinder
  4577 | D:4      | Killed Grinder
  4844 | D:4      | Reached skill level 5 in Axes
  4872 | D:4      | Reached XP level 8. HP: 55/78 MP: 12/12
  4889 | D:4      | Killed from afar by an orc priest

Levels and vault maps discovered:
D:1:      dpeg_arrival_tiny_k, layout_loops_cross, minmay_misc_feat_four_crosses
D:2:      layout_basic, grunt_temple_overflow_open, uniq_natasha, uniq_jessica
D:3:      layout_loops_ring, grunt_gozag_breadcrumbs, serial_co_window_serial,
          co_window_paths_a, co_window_of_opportunity_a,
          co_window_of_opportunity_a, co_window_paths_a,
          co_window_of_opportunity_a, co_window_broadway_c,
          co_window_broadway_c, co_window_paths_c, kennysheep_generic_room_4,
          uniq_terence, uniq_sigmund
D:4:      layout_basic, first_ration, gup_sewer_entry_bowl, uniq_grinder

Skill      XL: |  1  2  3  4  5  6  7 |
---------------+----------------------+-----
Fighting       | 2 3 4 6 |  6.9
Axes           | 5 |  5.0
Maces & Flails | |  1.0
Throwing       | |  1.0
Armour         | |  1.0
Shields        | |  1.0
Spellcasting   | |  3.0
Poison Magic   | |  2.6

Action                   |  1- 3 |  4- 6 |  7- 9 || total
-------------------------+-------+-------+-------++-------
Melee: Mace              |    28 |   102 |       ||   130
       Whip              |       |    45 |    67 ||   112
 Abil: Spit Poison       |    18 |    62 |     1 ||    81
  Use: Scroll            |     1 |     6 |       ||     7
       Potion            |       |     1 |     1 ||     2
 Stab: Sleeping          |       |     1 |       ||     1
  Eat: Chunk             |     1 |     9 |       ||    10
       Ration            |       |     1 |       ||     1
Armor: Robe              |     1 |    84 |    14 ||    99
Dodge: Dodged            |    16 |   121 |    28 ||   165
       Deflected         |       |     4 |       ||     4
